 Dungeon Crawl Stone Soup version 0.23-a0-558-g30802b1 (console) character file.

153 Duffy the Chopper (level 5, -1/46 HPs)
             Began as a Deep Dwarf Gladiator on Dec 12, 2018.
             Slain by a two-headed ogre
             ... wielding a +0 great mace
              (15 damage)
             ... on level 4 of the Dungeon.
             The game lasted 00:03:02 (1935 turns).

Duffy the Chopper (Deep Dwarf Gladiator)            Turns: 1935, Time: 00:03:03

Health: -1/46      AC: 13    Str: 19    XL:     5   Next: 12%
Magic:  4/4        EV:  7    Int:  8    God:
Gold:   76         SH:  0    Dex: 14    Spells: 4/4 levels left

rFire    . . .     SeeInvis .   q - +0 war axe (chop)
rCold    . . .     Gourm    +   (no shield)
rNeg     . . .     Faith    .   h - +0 plate armour
rPois    .         Spirit   .   c - +0 helmet
rElec    .         Reflect  .   (no cloak)
rCorr    .         Harm     .   g - +0 pair of gloves
MR       .....                  (no boots)
Stlth    ..........             t - amulet of the gourmand
HPRegen  0.00/turn              j - ring of attention (curse)
MPRegen  0.09/turn              s - ring of stealth

@: non-regenerating
A: damage resistance, heal wounds, sense surroundings 1, no regeneration
a: Heal Wounds


You were on level 4 of the Dungeon.
You were hungry.

You visited 1 branch of the dungeon, and saw 4 of its levels.

You collected 139 gold pieces.
You spent 63 gold pieces at shops.

Inventory:

Hand Weapons
 a - a +0 war axe
 q - a +0 war axe of chopping (weapon)
Missiles
 d - 2 throwing nets (quivered)
Armour
 c - a +0 helmet (worn)
 g - a +0 pair of gloves (worn)
 h - a +0 plate armour (worn)
Jewellery
 j - a cursed ring of attention (left hand)
 m - an uncursed ring of see invisible
 s - a ring of stealth (right hand)
 t - an amulet of the gourmand (around neck)
Wands
 v - a wand of clouds (6)
Scrolls
 b - 3 scrolls of enchant weapon {unknown}
 e - a scroll of noise {unknown}
 i - 7 scrolls of identify {unknown}
 k - 3 scrolls of teleportation {unknown}
 o - a scroll of amnesia {unknown}
 r - a scroll of immolation {unknown}
Potions
 l - a potion of curing {unknown}
 n - a potion of agility
 p - 2 potions of mutation {unknown}
 u - a potion of degeneration {unknown}
Comestibles
 f - 4 rations


   Skills:
 + Level 2.6 Fighting
 * Level 4.7 Axes
 - Level 1.7 Throwing
 + Level 2.1 Armour
 + Level 4.1 Dodging


You had 4 spell levels left.
You didn't know any spells.
Your spell library was empty.

Dungeon Overview and Level Annotations

Branches:
Dungeon (4/15)
 Temple: D:4-7

Altars:
Cheibriados
Gozag
Hepliaklqana
Qazlal
Wu Jian

Shops:
D:3 *   D:4 [


Innate Abilities, Weirdness & Mutations

You are resistant to damage.
You can heal yourself by infusing magical energy.
You passively map a small area around you.
You do not regenerate.


Message History

t - an amulet of the gourmand (around neck) Throwing (i - inventory)
d - 3 throwing nets (quivered)
Press: ? - help, Shift-Dir - straight line, f - two-headed ogre
Aim: a two-headed ogre, wielding a +0 great mace and a +4 dire flail You throw a throwing net.
The throwing net hits the two-headed ogre.
The two-headed ogre is caught in the net!
The two-headed ogre struggles against the net.
You hit the two-headed ogre.
The two-headed ogre is lightly wounded.
The two-headed ogre struggles against the net.
You hit the two-headed ogre.
The two-headed ogre is lightly wounded.
The two-headed ogre struggles against the net. x2
The net rips apart, and the two-headed ogre comes free!
You hit the two-headed ogre.
The two-headed ogre is moderately wounded.
The two-headed ogre hits you with a +0 great mace!
The two-headed ogre hits you with a +4 dire flail!
You die...

, ,,, * ,..... , , *
#.# ... * #.#* ...
#.#** ... * , , #.#
#.# #.# #.# #.# #.#
, * ########.#####.#
* #...wO@........#
,......#####..$#####
* ####. ###.# # #(#
#.# #### , #># ....
#.# #. *** * #.# *,
#. * , #.# #<


You could see a two-headed ogre and a dart slug.

Vanquished Creatures
  A bullfrog skeleton (D:4)
  A gnoll (D:1)
  3 adders
  2 worms (D:2)
  4 dart slugs
  7 orcs (D:3)
  6 bats
  4 giant cockroaches
  8 goblins
  8 hobgoblins
  3 jackals (D:2)
  7 kobolds
  4 ball pythons
  A frilled lizard (D:1)
  A quokka skeleton (D:4)
  8 rats
68 creatures vanquished.

Notes
Turn   | Place    | Note
-------+----------+-------------------------------------------
     0 | D:1      | Duffy the Deep Dwarf Gladiator began the quest for the Orb.
     0 | D:1      | Reached XP level 1. HP: 19/19 MP: 1/1
     6 | D:1      | Noticed an electric eel
    71 | D:1      | Reached XP level 2. HP: 21/26 MP: 2/2
   249 | D:1      | Reached skill level 1 in Armour
   346 | D:1      | Reached XP level 3. HP: 20/32 MP: 3/3
   815 | D:2      | Reached XP level 4. HP: 29/40 MP: 4/4
   961 | D:2      | Found an ornate altar of the Wu Jian Council.
  1132 | D:3      | Found a hazy altar of Hepliaklqana.
  1222 | D:3      | Found an opulent altar of Gozag.
  1224 | D:3      | Found Gozag's Platinum Reserve.
  1602 | D:3      | Found a stormy altar of Qazlal.
  1748 | D:3      | Found a snail-covered altar of Cheibriados.
  1782 | D:4      | Found Upnuynea's Armour Shop.
  1791 | D:4      | Bought a +0 pair of gloves for 63 gold pieces
  1855 | D:4      | Reached XP level 5. HP: 30/46 MP: 4/4
  1926 | D:4      | Noticed a two-headed ogre
  1935 | D:4      | Slain by a two-headed ogre

Vault maps used:
D:1:      arrival_aquarium_a, roderic_serpentine_path, kennysheep_flooded_box,
          chequers_mini_garden, minmay_hexomino_f4
D:2:      overflow_temple_1_default, grunt_ministairs_14,
          kennysheep_cluttered_room, corexii_shack
D:3:      lemuel_coloured_pillars_altar, nicolae_overflow_hidden_temple,
          lemuel_doored_altar, nicolae_gozag_zags_fifth_avenue
D:4:      grunt_temple_overflow_lords_of_destruction, tgw_sif, serial_shops,
          shop

Skill      XL: |  1  2  3  4 |
---------------+-------------+-----
Fighting       | 2 |  2.6
Armour         | 1 2 |  2.1
Axes           | 4 |  4.7
Dodging        | 4 |  4.1
Throwing       | |  1.7

Action                   |  1- 3 |  4- 6 || total
-------------------------+-------+-------++-------
Melee: War axe           |   116 |   101 ||   217
Throw: Throwing net      |       |     1 ||     1
 Abil: Heal Wounds       |     1 |     1 ||     2
  Eat: Chunk             |       |     3 ||     3
Armor: Leather armour    |     5 |       ||     5
       Plate armour      |    69 |    64 ||   133
Dodge: Dodged            |    56 |    45 ||   101

Table legend:
 A = Non-vault XP
 B = Vault XP
 C = Vault XP percentage of total XP
 D = Non-vault monster count
 E = Vault monster count
 F = Vault count percentage of total count
                 A         B        C        D         E       F
            +---------+---------+-------+---------+---------+-------
      Total |     214 |       5 |   2.3 |      65 |       3 |   4.4
            +---------+---------+-------+---------+---------+-------
        D:1 |      53 |       2 |   3.6 |      23 |       1 |   4.2
        D:2 |      44 |       3 |   6.4 |      14 |       2 |  12.5
        D:3 |      74 |       0 |   0.0 |      26 |       0 |   0.0
        D:4 |      43 |       0 |   0.0 |       2 |       0 |   0.0
            +---------+---------+-------+---------+---------+-------
